 Dungeon Crawl Stone Soup version 0.17-a0-1046-ga09e34d (webtiles) character file.

10082 RobertPalmer the Carver (level 11, -3/135 HPs)
             Began as a Naga Chaos Knight on May 15, 2015.
             Slain by a polar bear (11 damage)
             ... on level 1 of the Lair of Beasts.
             The game lasted 00:34:13 (11597 turns).

RobertPalmer the Carver (Naga Chaos Knight)        Turns: 11597, Time: 00:34:14

Health: -3/135     AC: 28    Str: 16    XL:     11   Next: 56%
Magic:  20/20      EV:  1    Int: 14    God:    Xom [....*.]
Gold:   609        SH:  4    Dex: 11    Spells: 0 memorised, 10 levels left

rFire  . . .     SeeInvis +     a - +3 long sword (elec)
rCold  . . .     Clarity  +     (armour currently unavailable)
rNeg   + + +     SustAb   .     v - +0 buckler
rPois  +         Gourm    .     (helmet currently unavailable)
rElec  +         Spirit   .     (cloak currently unavailable)
rCorr  .         Warding  .     (gloves currently unavailable)
rMut   .         NoTele   +     (no barding)
MR     +....                    (no amulet)
Stlth  +.........               g - +3 ring of protection
                                H - ring "Por Ganosou" {rElec rN++ MP+9}

@: exhausted, tree-form, very slightly contaminated, slowed, very slow, somewhat
resistant to hostile enchantments, very unstealthy
A: see invisible, blink 1, clarity, (deformed body), (poison resistance),
(slowness 0), slow metabolism 1, spit poison 2, wild magic 1, AC +3
a: Spit Poison, Blink, Renounce Religion


You were on level 1 of the Lair of Beasts.
You worshipped Xom.
You were a beloved toy of Xom.
You were very hungry.
You were a tree.
You visited 2 branches of the dungeon, and saw 11 of its levels.
You also visited: Ice Cave.

You collected 609 gold pieces.

Inventory:

Hand weapons
 a - a +3 long sword of electrocution (weapon)
   (Xom gifted it to you on level 10 of the Dungeon)
 b - a +1 falchion of flaming
   (You took it off a big kobold on level 9 of the Dungeon)
 k - a +0 blowgun
   (You took it off a kobold on level 6 of the Dungeon)
Missiles
 p - 3 poisoned needles
Armour
 i - a +1 troll leather armour (melded) {regen}
   (You found it on level 9 of the Dungeon)
 o - a +1 cloak (melded)
   (You found it on level 4 of the Dungeon)
 q - a +0 helmet (melded)
   (You found it on level 2 of the Dungeon)
 v - a +0 buckler (worn)
   (You found it on level 1 of the Dungeon)
 y - a +0 pair of gloves (melded)
   (You found it on level 8 of the Dungeon)
Jewellery
 d - an uncursed ring of protection from cold {rC+, !d}
   (You found it on level 10 of the Dungeon)
 g - a +3 ring of protection (right branch)
   (You found it on level 1 of the Dungeon)
 H - the ring "Por Ganosou" (left branch) {rElec rN++ MP+9}
   (You found it on level 9 of the Dungeon)

   [ring of magical power]

   It insulates you from electricity.
   It greatly protects you from negative energy.
   It affects your magic capacity (+9).
Magical devices
 r - a wand of polymorph (0)
   (You took it off Pikel on level 5 of the Dungeon)
 C - a wand of confusion (1)
   (You found it on level 8 of the Dungeon)
 D - a wand of polymorph (8)
   (You found it on level 10 of the Dungeon)
Scrolls
 e - 7 scrolls of remove curse
 f - a scroll of identify
 m - a scroll of amnesia
 n - 2 scrolls of blinking {!r}
 s - a scroll of magic mapping {!r}
 B - a scroll of fear
 G - a scroll of fog
Potions
 j - a potion of lignification {!q}
 l - a potion of haste {unknown}
 t - a potion of flight {unknown}
 z - a potion of resistance
 E - a potion of mutation {unknown}
Comestibles
 c - 9 bread rations {@e1}
 h - 6 meat rations {@e2}
 x - a beef jerky
 A - a chunk of flesh {@w0}
 I - 14 fruits
 J - 6 slices of pizza


   Skills:
 - Level 3.0 Fighting
 + Level 11.9 Long Blades
 - Level 1.5 Armour
 - Level 11.0 Dodging
 - Level 2.4 Shields


You had 10 spell levels left.
You didn't know any spells.

Dungeon Overview and Level Annotations

Branches:
Dungeon (10/15)            Temple (0/1) D:6            Lair (1/8) D:9
    Orc: D:9-12

Altars:
Ashenzari
Yredelemnul

Shops:
D:6 !


Innate Abilities, Weirdness & Mutations

You cannot wear boots.
((Your serpentine skin is tough (AC +3).))
You have supernaturally acute eyesight.
((Armour fits poorly on your strangely shaped body.))
((Your system is resistant to poisons.))
((You cover ground very slowly.))
You have a slow metabolism.
You can spit poison.
You can translocate small distances at will.
You possess an exceptional clarity of mind.
Your spells are a little harder to cast, but a little more powerful.


Message History

There is a collapsed entrance here.
You take 3 damage, and have 25/90 hp.
You closely miss the polar bear. You block the polar bear's attack.
The polar bear claws you.
* * * LOW HITPOINT WARNING * * *
The polar bear misses you.
You take 2 damage, and have 23/90 hp.
You barely miss the polar bear. The polar bear bites you!
* * * LOW HITPOINT WARNING * * *
The polar bear misses you.
The polar bear claws you but does no damage.
You take 6 damage, and have 17/90 hp.
Unknown command.
Drink which item? (? for menu, Esc to quit)
You feel better. You block the polar bear's attack.
The polar bear barely misses you. The polar bear misses you.
You regained 5 hp, and now have 22/90 hp.
Read which item? (? for menu, Esc to quit)
Really read
n - 3 scrolls of blinking {!r}?
Blink to where?
You are very lightly contaminated with residual magic.
As you read the scroll of blinking {!r}, it crumbles to dust.
Your +3 long sword of electrocution stops crackling.
It bursts into flame!
b - a +1 falchion of flaming (weapon)
Wield which item (- for none, * to show all)? (? for menu, Esc to quit)
Your +1 falchion of flaming stops flaming.
k - a +0 blowgun (weapon)
No other missiles available.
Use F to throw any item.
No other missiles available.
Use F to throw any item.
Aim: a polar bear You shoot a poisoned needle.
The poisoned needle hits the polar bear!
The polar bear is poisoned. "Go forth and destroy!"
A red film seems to cover your vision as you go berserk!
You feel yourself moving faster!
You feel mighty!
You now have 36/135 hp.
You are too berserk!
Unknown command.
You are too berserk!
You are too berserk!
You are too berserk!
You are too berserk!
You see here 15 stones.
You are too berserk!
You are no longer berserk.
You are exhausted.
You feel yourself slow down.
You are feeling very hungry.
You now have 31/90 hp.
Drink which item? (? for menu, Esc to quit)
It was a potion of lignification.
You turn into a tree.
Your +1 cloak melds into your body.
Your +0 helmet melds into your body.
Your +0 pair of gloves melds into your body.
Your +1 troll leather armour {regen} melds into your body.
Your roots penetrate the ground.
Xom thinks this is hilarious!
You now have 46/135 hp.
Unknown command.
Unknown command.
Unknown command.
You hear the crackle of electricity.
a - a +3 long sword of electrocution (weapon)
You block the polar bear's attack.
The polar bear claws you but does no damage. x2
You hit the polar bear but do no damage.
The polar bear bites you.
The polar bear claws you but does no damage. x2
You take 5 damage, and have 41/135 hp.
You barely miss the polar bear. The polar bear bites you.
* * * LOW HITPOINT WARNING * * *
The polar bear claws you but does no damage. x2
You take 6 damage, and have 35/135 hp.
You hit the polar bear but do no damage.
There is a sudden explosion of sparks!
The polar bear looks more healthy.
The polar bear goes berserk!
The polar bear bites you but does no damage.
You block the polar bear's attack. x2
Wield which item (- for none, * to show all)? (? for menu, Esc to quit)
You are already wielding that!
You hit the polar bear but do no damage.
The polar bear bites you!!
* * * LOW HITPOINT WARNING * * *
The polar bear claws you but does no damage. x2
You take 21 damage, and have 15/135 hp.
You hit the polar bear. The polar bear bites you.
* * * LOW HITPOINT WARNING * * *
The polar bear claws you but does no damage.
The polar bear claws you.
* * * LOW HITPOINT WARNING * * *
You block the polar bear's attack.
The polar bear claws you but does no damage. x2
You take 8 damage, and have 7/135 hp.
Unknown command.
You closely miss the polar bear.
The polar bear bites you but does no damage.
The polar bear claws you but does no damage. x2
The polar bear bites you!
You die...

*,,,,,,,,,...........##**,,.,,,*
***,,****.(...........# *,,,,,**
*,,,****,............## **,,,,*
,,,** *,,...........## **,,,*
*,** **,...........## *,*,** *,*
**..>.........## *,*,,* *,*
*#.........†..## *,,,,** *,*
*#........#...#* **,,,,* *,**
#.....♣..#.P..## *,,,,* *,,*
#..##..h.#.#...##*,,,,* ,,**
##,*####...##...##*,,,, *,,*
*,,* ##...#.#..##*,,, *,***
**,** ##......#..#*,,, *,,,***
*,,* #.....#.#..##*,, *,,,*,*
*** *,,**###...#.#...#*,*
,,,,,,***,* **,,* ##(....#*,,*,,
,,**,,,,*,* *,** #...#.##*,,,,


You could see a polar bear (berserk).

Vanquished Creatures
  A hydra (D:9)
  Pikel (D:5)
  A spiny frog (D:10)
  A troll (D:9)
  A wyvern (D:10)
  2 yaks (D:9)
  A deep elf mage (D:9)
  2 hippogriffs
  3 hungry ghosts (D:8)
  2 wolves (D:9)
  Menkaure (D:5)
  5 wargs (D:10)
  5 orc warriors
  A porcupine (Lair:1)
  Duvessa (D:7)
  4 phantoms
  A black bear (D:10)
  5 sky beasts
  A water moccasin (D:9)
  4 slaves
  A necrophage (D:6)
  3 centaurs
  3 ogres
  9 giant frogs
  7 big kobolds
  A scorpion (D:5)
  Dowan (D:7)
  3 wights (D:7)
  8 electric eels
  9 killer bees
  2 giant frog zombies (D:7)
  A jelly (D:9)
  9 orc wizards
  3 crimson imps
  A jelly (shapeshifter) (D:7)
  9 orc priests
  5 hounds
  A centaur skeleton (D:9)
  2 giant frog skeletons (D:5)
  An iguana (D:7)
  A quasit (D:6)
  6 worker ants
  2 sheep (D:9)
  A hound zombie (D:6)
  A worker ant zombie (D:8)
  10 gnolls (D:6)
  13 adders
  12 white imps (Lair:1)
  3 shadow imps
  An adder zombie (D:5)
  2 adder skeletons (D:7)
  5 giant geckos
  35 orcs
  A bat skeleton (D:3)
  2 giant cockroaches (D:1)
  26 hobgoblins
  A jackal (shapeshifter) (D:2)
  12 jackals
  8 quokkas
  A ball python (D:4)
  10 bats
  A giant gecko skeleton (D:7)
  A giant gecko zombie (D:8)
  6 giant newts
  41 goblins
  17 kobolds
  A quokka skeleton (D:5)
  12 rats
354 creatures vanquished.

Vanquished Creatures (collateral kills)
  A wolf (IceCv)
  A phantom (D:4)
  A killer bee (D:8)
  An orc (D:8)
  A giant cockroach (D:4)
  A bat (D:4)
6 creatures vanquished.

Vanquished Creatures (others)
  4 quasits
  3 iron imps (D:8)
  2 shadow imps (D:8)
  An ufetubus (IceCv)
  A rat (D:9)
11 creatures vanquished.

Grand Total: 371 creatures vanquished

Notes
Turn   | Place    | Note
--------------------------------------------------------------
     0 | D:1      | RobertPalmer the Naga Chaos Knight began the quest for the Orb.
     0 | D:1      | Reached XP level 1. HP: 21/21 MP: 1/1
     2 | D:1      | XOM: harmless Fire miscast
   333 | D:1      | Reached XP level 2. HP: 26/28 MP: 2/2
   394 | D:1      | Reached skill level 1 in Shields
   861 | D:1      | XOM: divination: detect items
   968 | D:1      | Reached XP level 3. HP: 34/34 MP: 3/3
  1170 | D:2      | XOM is BORED!
  1170 | D:2      | XOM: mild Divn miscast
  1376 | D:2      | Reached skill level 2 in Shields
  1463 | D:2      | Reached XP level 4. HP: 42/42 MP: 4/4
  1693 | D:2      | XOM: colour smoke trail
  1765 | D:2      | XOM: mild Air miscast
  1929 | D:3      | Reached skill level 4 in Long Blades
  1938 | D:3      | HP: 5/42 [orc wizard/puff of flame (9)]
  2224 | D:3      | XOM: noise
  2236 | D:3      | Noticed an orc warrior
  2239 | D:3      | XOM: divination: detect items
  2247 | D:3      | XOM: harmless Ice miscast
  2294 | D:3      | Reached XP level 5. HP: 49/49 MP: 5/5
  2325 | D:3      | XOM: harmless Hex miscast
  2497 | D:4      | Noticed a sky beast
  2686 | D:4      | XOM: noise
  2789 | D:4      | Reached skill level 5 in Long Blades
  2895 | D:4      | Killed a sky beast
  2895 | D:4      | Reached skill level 6 in Long Blades
  2895 | D:4      | Reached XP level 6. HP: 35/56 MP: 6/6
  2897 | D:4      | Noticed a phantom
  2901 | D:4      | XOM: harmless Tloc miscast
  2926 | D:4      | HP: 13/56 [phantom (8)]
  2933 | D:4      | Killed a phantom
  3353 | D:5      | Entered Level 5 of the Dungeon
  3362 | D:5      | Reached XP level 7. HP: 33/62 MP: 7/7
  3534 | D:5      | Reached skill level 7 in Long Blades
  3619 | D:5      | You fall through a shaft!
  3658 | D:5      | Noticed Menkaure
  3660 | D:5      | XOM: butterfly on damage
  3812 | D:5      | Noticed Pikel
  3912 | D:5      | XOM: cast spell 'Stoneskin'
  3977 | D:5      | XOM: colour smoke trail
  4281 | D:5      | XOM: cast spell 'Dispersal'
  4284 | D:5      | XOM: potion effect (invisibility)
  4371 | D:5      | XOM: confuse monster(s)
  4514 | D:4      | XOM: confuse monster(s)
  4557 | D:4      | XOM: colour smoke trail
  4571 | D:5      | Killed Pikel
  4571 | D:5      | Reached skill level 9 in Long Blades
  4571 | D:5      | Reached XP level 8. HP: 52/69 MP: 8/8
  4575 | D:5      | XOM: confuse monster(s)
  4591 | D:5      | Killed Menkaure
  4634 | D:5      | XOM: silly message
  4811 | D:5      | Found a basalt altar of Yredelemnul.
  4963 | D:6      | XOM: silly message
  5005 | D:6      | Found a staircase to the Ecumenical Temple.
  5076 | D:6      | XOM: noise
  5087 | D:6      | XOM: smoke on damage
  5091 | D:6      | Reached skill level 10 in Long Blades
  5473 | D:6      | Found Amae's Distillery.
  6250 | D:6      | XOM: mild Tloc miscast
  6261 | D:6      | Got an ancient great sword
  6268 | D:6      | Identified the cursed +2 great sword "Puarph" {speed, rPois Dex+5} (You took it off a gnoll on level 6 of the Dungeon)
  6293 | D:6      | XOM: silly message
  6314 | D:6      | Reached XP level 9. HP: 68/75 MP: 9/9
  6318 | D:6      | Reached skill level 1 in Dodging
  6351 | D:6      | Reached skill level 2 in Dodging
  6388 | D:6      | XOM: potion effect (heal wounds)
  6403 | D:6      | Reached skill level 3 in Dodging
  6550 | D:6      | XOM: potion effect (haste)
  6571 | D:6      | XOM: divination: detect creatures
  6577 | D:6      | Reached skill level 4 in Dodging
  6699 | D:6      | XOM: divination: detect creatures
  6764 | D:6      | XOM: mild Pois miscast
  6912 | D:6      | XOM: potion effect (berserk rage)
  6974 | D:6      | XOM: god gift: metallic sapphire potion
  7238 | D:7      | Reached skill level 5 in Dodging
  7260 | D:7      | Noticed Dowan
  7275 | D:7      | Noticed Duvessa
  7285 | D:7      | Killed Dowan
  7399 | D:7      | XOM: enchant monster (good)
  7402 | D:7      | XOM: harmless Hex miscast
  7488 | D:7      | Reached skill level 6 in Dodging
  7520 | D:7      | XOM: polymorph centaur -> jelly
  7710 | D:7      | Killed Duvessa
  7727 | D:7      | Reached XP level 10. HP: 39/84 MP: 10/10
  7892 | D:8      | XOM: summons 6 friendly demons
  7905 | D:8      | Reached skill level 7 in Dodging
  7916 | D:8      | XOM: summons 4 friendly demons
  8088 | D:7      | XOM: mild Erth miscast
  8554 | D:8      | XOM: enchant monster (good)
  8665 | D:8      | XOM: confusion (+ monsters)
  8807 | D:8      | Reached skill level 8 in Dodging
  8853 | D:8      | XOM: silly message
  9060 | D:8      | XOM: butterfly on damage
  9193 | D:9      | Got a steaming golden ring
  9198 | D:9      | Identified the ring "Por Ganosou" {rElec rN++ MP+9} (You found it on level 9 of the Dungeon)
  9210 | D:9      | XOM: give mutation
  9210 | D:9      | XOM: give mutations
  9210 | D:9      | Gained mutation: You are weak. (Str -2) [Xom's mischief]
  9210 | D:9      | Gained mutation: You can translocate small distances at will. [Xom's mischief]
  9277 | D:9      | XOM: mild Ice miscast
  9337 | D:9      | XOM: divination: magic mapping
  9344 | D:9      | XOM: potion effect (heal wounds)
  9350 | D:9      | XOM: potion effect (might)
  9366 | D:9      | Reached skill level 9 in Dodging
  9404 | D:9      | Noticed a two-headed hydra
  9413 | D:9      | Killed a one-headed hydra
  9470 | D:9      | XOM: enchant monster (bad)
  9474 | D:9      | XOM: enchant monster (good)
  9476 | D:9      | Reached skill level 10 in Dodging
  9505 | D:9      | XOM: mild Pois miscast
  9571 | D:9      | Reached XP level 11. HP: 76/90 MP: 11/11
  9719 | D:9      | XOM: cast spell 'Summon Small Mammal'
  9764 | D:9      | Found a shattered altar of Ashenzari.
  9801 | D:9      | XOM: harmless Air miscast
  9815 | D:9      | XOM: silly message
  9816 | D:10     | Entered Level 10 of the Dungeon
  9939 | D:10     | XOM: noise
 10135 | D:10     | XOM: swap monsters
 10142 | D:10     | XOM: enchant monster (good)
 10205 | D:10     | Noticed Sonja
 10210 | D:10     | Noticed Sonja
 10210 | D:10     | Sonja changed into Sonja the spiny frog
 10221 | D:10     | Killed Sonja the spiny frog
 10340 | D:10     | XOM: confuse monster(s)
 10349 | D:10     | XOM: divination: detect creatures
 10359 | D:10     | Reached skill level 11 in Dodging
 10371 | D:10     | XOM: polymorph orc warrior -> warg
 10374 | D:10     | Reached skill level 11 in Long Blades
 10406 | D:10     | XOM: enchant monster (good)
 10423 | D:10     | XOM: 6-stop teleportation journey
 10668 | D:10     | XOM: god gift: glowing long sword {god gift}
 11042 | D:7      | XOM: give mutations
 11042 | D:7      | Gained mutation: You possess an exceptional clarity of mind. [Xom's grace]
 11042 | D:7      | Gained mutation: Your spells are a little harder to cast, but a little more powerful. [Xom's grace]
 11042 | D:7      | Lost mutation: You are weak. (Str -2) [Xom's grace]
 11208 | D:9      | Found a staircase to the Lair.
 11219 | D:9      | XOM: potion effect (invisibility)
 11379 | D:9      | XOM: fake destruction
 11407 | Lair:1   | Entered Level 1 of the Lair of Beasts
 11425 | Lair:1   | XOM: fog
 11522 | Lair:1   | Found a frozen archway.
 11529 | IceCv    | Entered an ice cave
 11554 | IceCv    | XOM: god gift: 17 stones
 11557 | IceCv    | XOM: summons 3 friendly demons
 11570 | Lair:1   | HP: 17/90 [polar bear (7)]
 11575 | Lair:1   | XOM: potion effect (berserk rage)
 11595 | Lair:1   | HP: 15/135 [polar bear (21)]
 11596 | Lair:1   | HP: 7/135 [polar bear (5)]
 11597 | Lair:1   | Slain by a polar bear

Vault maps used:
D:1:      minmay_arrival_stair_chambers, minmay_vboxes
D:3:      mrwooster_statue_mirror, minmay_box_of_dots
D:5:      lemuel_blue_sif_altar, first_bread, basic_altar, uniq_menkaure,
          uniq_pikel
D:6:      minmay_goblin_kobold_castle, minmay_temple_entry_butterflies,
          serial_shops, shop
D:7:      grunt_ministairs_4, uniq_duvessa
D:9:      erik_lair_island, hangedman_ranch, ashenzari_altar_1
D:10:     nooodl_orcs_dogs, uniq_sonja
Lair:1:   special_room, portal_ice_cave_entry_imps,
          nicolae_quartered_pool_little
IceCv:    ice_cave_caverns_03

Action                   |  1- 3 |  4- 6 |  7- 9 | 10-12 || total
-------------------------+-------+-------+-------+-------++-------
Melee: Falchion          |   111 |   177 |   230 |     6 ||   524
       Great sword       |       |       |   292 |   450 ||   742
       Long sword        |       |       |       |   192 ||   192
 Fire: Blowgun           |       |       |       |     6 ||     6
 Abil: Spit Poison       |       |       |    15 |     8 ||    23
Evoke: Wand              |       |       |       |     9 ||     9
  Use: Potion            |     2 |     4 |     1 |     2 ||     9
       Scroll            |       |    11 |     6 |    12 ||    29
 Stab: Petrifying        |       |     1 |     5 |       ||     6
       Petrified         |       |     1 |       |       ||     1
       Sleeping          |       |     1 |       |       ||     1
       Paralysed         |       |       |     5 |       ||     5
       Confused          |       |       |     1 |     1 ||     2
       Distracted        |       |       |       |     1 ||     1
       Invisible         |       |       |       |     2 ||     2
  Eat: Chunk             |     1 |     3 |    13 |    14 ||    31
       Pizza             |       |     1 |       |       ||     1
       Beef jerky        |       |       |     1 |     1 ||     2

Vault maps used:
D:1:      minmay_arrival_stair_chambers, minmay_vboxes
D:3:      mrwooster_statue_mirror, minmay_box_of_dots
D:5:      lemuel_blue_sif_altar, first_bread, basic_altar, uniq_menkaure,
          uniq_pikel
D:6:      minmay_goblin_kobold_castle, minmay_temple_entry_butterflies,
          serial_shops, shop
D:7:      grunt_ministairs_4, uniq_duvessa
D:9:      erik_lair_island, hangedman_ranch, ashenzari_altar_1
D:10:     nooodl_orcs_dogs, uniq_sonja
Lair:1:   special_room, portal_ice_cave_entry_imps,
          nicolae_quartered_pool_little
IceCv:    ice_cave_caverns_03

Table legend:
 A = Turns spent in this place as a percentage of turns spent in the entire game.
 B = Non-inter-level travel turns spent in this place as a percentage of non-inter-level travel turns spent in the entire game.
 C = Inter-level travel turns spent in this place as a percentage of turns spent in this place.
 D = Turns resting spent in this place as a percentage of non-inter-level travel turns spent in this place.
 E = Turns spent auto-exploring this place as a percentage of non-inter-level travel turns spent in this place.
 F = Non-inter-level travel turns spent in this place divided by the number of levels of this place that you've seen.
                   A       B       C       D       E      F
               +-------+-------+-------+-------+-------+----------------------
         Total | 100.0 | 100.0 |   0.4 |   1.9 |   4.8 | 433.7
       Dungeon |  95.7 |  95.6 |   0.4 |   2.0 |   5.0 | 497.7
          Lair |   3.4 |   3.4 |   0.0 |   0.0 |   0.0 | 178.0
      Ice Cave |   0.9 |   0.9 |   0.0 |   0.0 |   0.0 |  49.0
               +-------+-------+-------+-------+-------+----------------------

Table legend:
 A = Kills in this place as a percentage of kills in entire the game.
 B = Kills by you in this place as a percentage of kills by you in the entire game.
 C = Kills by friends in this place as a percentage of kills by friends in the entire game.
 D = Other kills in this place as a percentage of other kills in the entire game.
 E = Experience gained in this place as a percentage of experience gained in the entire game.
 F = Experience gained in this place divided by the number of levels of this place that you have seen.
                   A       B       C       D       E      F
               +-------+-------+-------+-------+-------+----------------------
         Total | 100.0 | 100.0 | 100.0 | 100.0 | 100.0 | 1200.3
       Dungeon |  95.5 |  95.7 |  83.3 | 100.0 |  95.0 | 1369.1
          Lair |   4.2 |   4.3 |   0.0 |   0.0 |   3.8 | 547.0
      Ice Cave |   0.3 |   0.0 |  16.7 |   0.0 |   1.2 | 166.0
               +-------+-------+-------+-------+-------+----------------------
